 Dungeon Crawl Stone Soup version 0.23.2-40-g277498a001 (webtiles) character file.

Game seed: 10431013573610234420

3528 MalarOregon the Fighter (level 9, 0/83 HPs)
             Began as a Green Draconian Gladiator on Sept 18, 2019.
             Was a Believer of Fedhas.
             Slain by a killer bee (2 damage)
             ... on level 8 of the Dungeon.
             The game lasted 00:09:41 (7406 turns).

MalarOregon the Fighter (Green Draconian Gladiator) Turns: 7406, Time: 00:09:42

Health: 0/83       AC: 10    Str: 21    XL:     9   Next: 82%
Magic:  0/9        EV: 16    Int: 12    God:    Fedhas [**....]
Gold:   149        SH:  0    Dex: 12    Spells: 8/8 levels left

rFire    + . .     SeeInvis .   d - +3 great sword
rCold    + . .     Gourm    .   (shield currently unavailable)
rNeg     . . .     Faith    .   (armour unavailable)
rPois    +         Spirit   +   b - +1 hat
rElec    +         Reflect  .   z - scarf {Spirit}
rCorr    +         Harm     .   y - +1 pair of gloves
MR       .....                  (no boots)
Stlth    +.........             (no amulet)
HPRegen  0.23/turn              o - +4 ring of strength
MPRegen  0.11/turn              (no ring)

@: resistant
A: breathe noxious fumes, unfitting armour, poison resistance, cold-blooded, AC
+7
a: Breathe Noxious Fumes, Fungal Bloom, Sunlight, Evolution, Renounce Religion


You were on level 8 of the Dungeon.
You worshipped Fedhas.
Fedhas was pleased with you.
You were hungry.

You visited 1 branch of the dungeon, and saw 8 of its levels.

You collected 474 gold pieces.
You spent 325 gold pieces at shops.

Inventory:

Hand Weapons
 d - a +3 great sword (weapon)
   (You took it off a wight on level 6 of the Dungeon)
Missiles
 c - a throwing net (quivered) {!f}
Armour
 b - a +1 hat (worn)
 y - a +1 pair of gloves (worn)
   (You found it on level 5 of the Dungeon)
 z - a scarf of spirit shield (worn)
   (You found it on level 6 of the Dungeon)
Jewellery
 o - a +4 ring of strength (left hand)
   (You found it on level 2 of the Dungeon)
Wands
 v - a wand of digging (6)
   (You found it on level 7 of the Dungeon)
Scrolls
 a - a scroll of fear {unknown}
 h - 3 scrolls of magic mapping
 j - 14 scrolls of identify {unknown}
 k - a scroll of enchant armour
 l - 3 scrolls of remove curse {@r2}
 p - 2 scrolls of teleportation {unknown}
 s - a scroll of acquirement {unknown}
 t - a scroll of immolation {unknown}
Potions
 f - 2 potions of degeneration {!q}
 g - a potion of lignification {!q}
 m - a potion of heal wounds {@q2}
 n - a potion of flight {unknown}
 q - a potion of resistance
 r - 2 potions of curing {@q1}
 u - a potion of ambrosia {unknown}
Comestibles
 e - 14 rations {!d}


   Skills:
 + Level 9.2 Fighting
 + Level 8.7 Long Blades
 - Level 1.7 Throwing
 + Level 8.0 Dodging


You had 8 spell levels left.
You didn't know any spells.
Your spell library was empty.

Dungeon Overview and Level Annotations

Branches:
Dungeon (8/15)             Temple (0/1) D:5
   Lair: D:8-11

Altars:
Fedhas
Yredelemnul
Zin

Shops:
D:6 %


Innate Abilities, Weirdness & Mutations

You can breathe blasts of noxious fumes.
Your lurid green scales are hard. (AC +7)
You cannot fit into any form of body armour.
Your system is resistant to poisons. (rPois)
You are cold-blooded and may be slowed by cold attacks.


Message History

You barely miss the adder. You tail-slap the adder!
The killer bee misses you. x2
The killer bee closely misses you. The adder bites you but does no damage.
The killer bee barely misses you.
The killer bee stings you but does no damage.
Unknown command.
You barely miss the adder.
The killer bee misses you. x2; You riposte.
You closely miss the killer bee.
Your tail-slap misses the killer bee.
The adder barely misses you.
You riposte.
You miss the adder. The killer bee completely misses you.
The killer bee stings you but does no damage.
The adder closely misses you. The killer bee misses you.
Unknown command.
You slash the adder!
You kill the adder!
The killer bee closely misses you. The killer bee stings you.
* * * LOW HITPOINT WARNING * * *
The killer bee stings you but does no damage.
The killer bee closely misses you.
You riposte.
You closely miss the killer bee. The killer bee closely misses you.
You slash the killer bee! The killer bee completely misses you.
The killer bee stings you!
* * * LOW HITPOINT WARNING * * *
The killer bee closely misses you.
You riposte.
You miss the killer bee.
Your tail-slap misses the killer bee.
The killer bee stings you.
* * * LOW HITPOINT WARNING * * *
The killer bee stings you.
* * * LOW HITPOINT WARNING * * *
The killer bee misses you.
You slash the killer bee!
You kill the killer bee!
Your Dodging skill increases to level 8!
The killer bee stings you.
* * * LOW HITPOINT WARNING * * *
The killer bee misses you.
You riposte.
You hit the killer bee.
Unknown command.
You barely miss the killer bee. The killer bee misses you.
The killer bee barely misses you.
The killer bee stings you but does no damage.
Unknown command.
You slash the killer bee! The killer bee completely misses you.
The killer bee stings you but does no damage.
Unknown command.
You closely miss the killer bee.
The killer bee stings you but does no damage.
The killer bee misses you. The killer bee stings you.
* * * LOW HITPOINT WARNING * * *
Unknown command.
You barely miss the killer bee. The killer bee stings you.
You die...
Fedhas appreciates your contribution to the ecosystem.

#.....#
#.....#
#.....#
#.....#
#.....#
#.....#
#.....#
#...<.#
#..!@.#
+..†.y#
#.....#
##.####
.. ..?
...#
....


You could see a killer bee.

Vanquished Creatures
  Pikel (D:6)
  A hungry ghost (D:7)
  Menkaure (D:4)
  Edmund (D:6)
  Duvessa (D:6)
  A water moccasin (D:5)
  A sky beast (D:6)
  4 slaves (D:6)
  An ice beast (D:6)
  3 orc warriors
  An ogre (D:6)
  3 centaurs
  4 bullfrogs
  Dowan (D:6)
  6 killer bees
  5 wights
  A howler monkey (D:6)
  2 crimson imps
  4 orc priests
  A hound (D:7)
  2 jellies
  A bullfrog skeleton (D:6)
  Jessica (D:3)
  6 worker ants
  3 orc wizards
  A killer bee zombie (D:6)
  A howler monkey zombie (D:6)
  14 adders
  A howler monkey skeleton (D:7)
  A shadow imp (D:6)
  An ooze (D:6)
  2 adder skeletons
  3 worms
  A dart slug (D:2)
  4 leopard geckos
  17 orcs
  11 giant cockroaches
  6 goblins
  4 hobgoblins
  13 jackals
  7 kobolds
  A quokka (D:2)
  2 ball pythons (D:1)
  5 bats
  3 frilled lizards
  A quokka skeleton (D:7)
  4 rats
159 creatures vanquished.

Vanquished Creatures (others)
  50 toadstools
50 creatures vanquished.

Grand Total: 209 creatures vanquished

Notes
Turn   | Place    | Note
-------+----------+-------------------------------------------
     0 | D:1      | MalarOregon the Draconian Gladiator began the quest for the
                  | Orb.
     0 | D:1      | Reached XP level 1. HP: 17/17 MP: 1/1
   189 | D:1      | Reached XP level 2. HP: 20/25 MP: 2/2
   892 | D:1      | Reached XP level 3. HP: 26/30 MP: 3/3
  1028 | D:2      | Reached skill level 3 in Fighting
  1304 | D:2      | HP: 1/31 [worm (8)]
  1777 | D:2      | Reached XP level 4. HP: 37/38 MP: 4/4
  2358 | D:3      | Noticed Jessica
  2368 | D:3      | Killed Jessica
  2422 | D:3      | Found a faded altar of an unknown god.
  2448 | D:3      | Became a worshipper of Fedhas Madash
  2448 | D:3      | Reached * piety under Fedhas
  2713 | D:3      | Reached XP level 5. HP: 43/46 MP: 5/5
  2850 | D:3      | Found a basalt altar of Yredelemnul.
  3085 | D:3      | Reached skill level 4 in Fighting
  3449 | D:4      | Noticed Menkaure
  3458 | D:4      | HP: 1/46 [Menkaure (20)]
  3461 | D:4      | Killed Menkaure
  3461 | D:4      | Reached XP level 6. HP: 1/53 MP: 6/6
  4083 | D:5      | Entered Level 5 of the Dungeon
  4232 | D:5      | Reached skill level 5 in Long Blades
  4240 | D:5      | Reached skill level 5 in Fighting
  4271 | D:5      | Noticed a water moccasin
  4274 | D:5      | Found a staircase to the Ecumenical Temple.
  4282 | D:5      | Killed a water moccasin
  4282 | D:5      | Your scales start taking on a lurid green colour.
  4282 | D:5      | Reached XP level 7. HP: 31/61 MP: 7/7
  4282 | D:5      | Gained mutation: Your system is resistant to poisons.
                  | (rPois) [Green Draconian growth]
  5002 | D:6      | Reached skill level 5 in Dodging
  5296 | D:6      | Reached ** piety under Fedhas
  5343 | D:6      | Found Mafuxe Pyof's Food Boutique.
  5353 | D:6      | Bought a ration for 65 gold pieces
  5353 | D:6      | Bought a ration for 65 gold pieces
  5353 | D:6      | Bought a ration for 65 gold pieces
  5353 | D:6      | Bought a ration for 65 gold pieces
  5353 | D:6      | Bought a ration for 65 gold pieces
  5380 | D:6      | Reached skill level 6 in Fighting
  5414 | D:6      | HP: 3/63 [centaur (7)]
  5505 | D:6      | Reached XP level 8. HP: 31/70 MP: 5/8
  5510 | D:6      | Noticed Pikel
  5532 | D:6      | Killed Pikel
  5532 | D:6      | Reached skill level 7 in Fighting
  5798 | D:6      | Noticed Edmund
  5808 | D:6      | Killed Edmund
  5929 | D:6      | Found a glowing silver altar of Zin.
  5989 | D:6      | Reached XP level 9. HP: 80/80 MP: 9/9
  6036 | D:6      | Noticed Duvessa
  6040 | D:6      | Noticed Dowan
  6041 | D:6      | Killed Duvessa
  6046 | D:6      | Killed Dowan
  6180 | D:6      | Reached skill level 8 in Fighting
  6515 | D:6      | Identified the +3 ring mail of Prudence {Dex+4 Slay-4}
  7182 | D:7      | Reached skill level 9 in Fighting
  7405 | D:8      | HP: 2/83 [killer bee (5)]
  7406 | D:8      | Slain by a killer bee

Skill      XL: |  1  2  3  4  5  6  7  8  9 |
---------------+----------------------------+-----
Dodging        | 3 4 5 6 8 |  8.0
Fighting       | 3 4 5 6 7 9 |  9.2
Long Blades    | 4 5 6 7 8 |  8.7
Throwing       | |  1.7

Action                   |  1- 3 |  4- 6 |  7- 9 || total
-------------------------+-------+-------+-------++-------
Melee: Long sword        |   104 |   142 |    35 ||   281
       Tailslap          |    13 |    22 |    44 ||    79
       Scimitar          |       |       |   129 ||   129
       Great sword       |       |       |    73 ||    73
Throw: Throwing net      |       |       |     2 ||     2
Invok: Fungal Bloom      |       |     8 |    15 ||    23
Evoke: Wand              |       |       |     2 ||     2
  Use: Scroll            |       |       |     7 ||     7
       Potion            |       |       |    11 ||    11
 Stab: Sleeping          |     1 |     4 |       ||     5
       Distracted        |     1 |       |       ||     1
  Eat: Chunk             |     3 |     4 |    10 ||    17
       Ration            |       |     1 |     1 ||     2
Armor: Skin              |    40 |    29 |    87 ||   156
Dodge: Dodged            |    76 |   105 |   218 ||   399
       Rpst.: Long sword |    24 |    47 |     9 ||    80
       Scimitar          |       |       |    24 ||    24
       Great sword       |       |       |    35 ||    35
